 Dungeon Crawl Stone Soup version 0.28.0-45-g0d030f2227 (webtiles) character file.

Game seed: 8542429661020562939

25 NinjaNoafa the Conjurer (level 2, -1/30 HPs)
             Began as a Draconian Conjurer on Apr 16, 2022.
             Slain by Terence
             ... wielding a +0 flail
              (3 damage)
             ... on level 2 of the Dungeon.
             The game lasted 00:02:55 (1454 turns).

NinjaNoafa the Conjurer (Draconian Conjurer)        Turns: 1454, Time: 00:02:56

Health: -1/30      AC: 21    Str:  9    XL:     2   Next: 86%
Magic:  1/5        EV:  2    Int: 18    God:
Gold:   11         SH:  0    Dex: 15    Spells: 2/5 levels left

rFire   . . .      SeeInvis .   f - +0 rapier
rCold   . . .      Faith    .   (no shield)
rNeg    . . .      Spirit   .   (armour unavailable)
rPois   +          Reflect  .   (helmet currently unavailable)
rElec   .          Harm     .   (cloak currently unavailable)
rCorr   .          Rampage  .   (gloves currently unavailable)
Will    .....      NoTele   +   (boots currently unavailable)
Stlth   ++........              (no amulet)
HPRegen 0.10/turn               a - ring of wizardry
MPRegen 0.09/turn               g - +6 ring of dexterity

@: tree-form
A: stationary, stasis, torment immunity, boosted hp, AC +4, unfitting armour,
(cold-blooded)
a: no special abilities


You were on level 2 of the Dungeon.
You were a tree.
You visited 1 branch of the dungeon, and saw 2 of its levels.

You collected 11 gold pieces.

Inventory:

Hand Weapons
 f - a +0 rapier (weapon)
Missiles
 h - 23 stones
Jewellery
 a - a ring of wizardry (left branch)
 g - a +6 ring of dexterity (right branch)
Scrolls
 d - 2 scrolls of noise {unknown}


   Skills:
 + Level 0.2 Fighting
 + Level 2.2 Dodging
 - Level 1.7 Stealth
 + Level 2.4 Spellcasting
 + Level 4.2 Conjurations
 + Level 0.5 Necromancy


You had 2 spell levels left.
You knew the following spells:

 Your Spells              Type           Power      Damage    Failure   Level
a - Magic Dart            Conj           68%        1d6       1%          1
b - Searing Ray           Conj           34%        2d5       1%          2

Your spell library contained the following spells:

 Spells                   Type           Power      Damage    Failure   Level
 Animate Skeleton         Necr           6%         N/A       6%          1
 Apportation              Tloc           4%         N/A       7%          1
 Summon Small Mammal      Summ           8%         N/A       7%          1
 Dazzling Flash           Conj/Hex       18%        N/A       9%          3
 Fulminant Prism          Conj/Hex       4%         3d6       28%         4
 Iskenderun's Mystic Bla  Conj/Tloc      9%         2d4       28%         4


Dungeon Overview and Level Annotations

Branches:
Dungeon (2/15)

Altars:
Beogh

Annotations:
D:2 Terence


Innate Abilities, Weirdness & Mutations

You are a tree.
Your roots penetrate the ground, keeping you stationary.
You cannot be teleported.
You are immune to unholy pain and torment.
Your maximum health is greatly increased.
Your equipment is partially melded.
((Your plain brown scales are hard. (AC +4)))
You cannot fit into any form of body armour.
((You are cold-blooded and may be slowed by cold attacks.))


Message History

Terence zaps a wand.
You turn into a tree.
Your roots penetrate the ground.
The now-empty wand crumbles to dust.
You completely miss Terence.
Terence is heavily wounded.
Terence hits you but does no damage. Terence hits you but does no damage.
Casting: Searing Ray (safe; 1% risk of failure)
Confirm with . or Enter, or press ? or * to list all spells.
Aiming: Searing Ray (safe; 1% risk of failure)
Press: ? - help, Shift-Dir - straight line, f/p - Terence
Aim: Terence, wielding a +0 flail and wearing a +0 chain mail (heavily wounded, 84% to hit)
The searing ray hits Terence.
Terence is heavily wounded. (Press . to maintain the ray.) Terence hits you with a +0 flail.
* * * LOW HITPOINT WARNING * * *
Without enough magic to sustain it, your searing ray dissipates.
Terence hits you with a +0 flail.
* * * LOW HITPOINT WARNING * * *
You cannot move.
You hit Terence but do no damage.
Terence is heavily wounded.
Terence hits you with a +0 flail!
* * * LOW HITPOINT WARNING * * *
Terence hits you but does no damage.
You hit Terence.
Terence is severely wounded.
Terence hits you but does no damage.
You hit Terence but do no damage.
Terence is severely wounded.
Terence screams, "I'm going to kill you!"
Terence barely misses you.
As you read the scroll labelled FYT XYT LIBLADA, it crumbles to dust.
It is a scroll of enchant armour.
You aren't carrying any armour which can be enchanted further.
Terence barely misses you.
As you read the scroll labelled FERYTO YVILL, it crumbles to dust.
The scroll dissolves into smoke.
It was a scroll of fog.
Terence hits you with a +0 flail.
You die...

.# ... #.# #### #..
..# #.# #.# #§#
#.#####§####.#
#...§§♣§§....#
..#####..####@######
.........# #g#
..#####.## #.#
########.# #!#
#........# #.#
#.######## #.#
####.# #.#
.....######## #.#


You could see Terence and a goblin.

Vanquished Creatures
  4 dart slugs (D:1)
  2 endoplasms (D:1)
  2 goblins (D:1)
  A hobgoblin (D:2)
  2 ball pythons (D:1)
  3 bats
  A frilled lizard (D:1)
  4 rats (D:1)
19 creatures vanquished.

Notes
Turn   | Place    | Note
-------+----------+-------------------------------------------
     0 | D:1      | NinjaNoafa the Draconian Conjurer began the quest for the
                  | Orb.
     0 | D:1      | Reached XP level 1. HP: 14/14 MP: 3/3
   479 | D:1      | Reached XP level 2. HP: 20/20 MP: 0/5
   539 | D:1      | Found a faded altar of an unknown god.
   617 | D:1      | Learned a level 2 spell: Searing Ray
  1433 | D:2      | Noticed Terence
  1450 | D:2      | HP: 1/30 [Terence/+0 flail (7)]
  1454 | D:2      | Slain by Terence

Illustrated notes

Levels and vault maps discovered:
D:1:      amcnicky_arrival_feature_with_door, layout_loops_ring,
          hellmonk_ecumenical_altar_defaced_shrine
D:2:      layout_loops_ring, grunt_ministairs_7, uniq_terence

Skill      XL: |  1 |
---------------+----+-----
Dodging        | 2 |  2.2
Fighting       | |  0.2
Stealth        | |  1.7
Spellcasting   | |  2.4
Conjurations   | |  4.2
Necromancy     | |  0.5

Action                   || total
-------------------------++-------
Melee: Unarmed           ||     6
       Rapier            ||    12
 Cast: Magic Dart        ||    21
       Searing Ray       ||     9
  Use: Scroll            ||     2
       Potion            ||     1
 Stab: Sleeping          ||     1
Armor: Skin              ||    11
Dodge: Dodged            ||    14
